 Dungeon Crawl Stone Soup version 0.29-a0-275-g389c0b56f3 (webtiles) character file.

Game seed: 7326597797672071146

46 enile the Scratcher (level 3, -1/16 HPs)
             Began as a Felid Wanderer on Mar 12, 2022.
             Splashed by a jelly's acid (8 damage)
             ... on level 3 of the Dungeon.
             The game lasted 00:02:53 (2430 turns).

enile the Scratcher (Felid Wanderer)                Turns: 2430, Time: 00:02:53

Health: -1/16      AC: -7    Str: 12    XL:     3   Next: 46%
Magic:  4/6        EV: 17    Int: 14    God:
Gold:   92         SH:  0    Dex: 12    Spells: 4/5 levels left
                                        Lives:  0   Deaths: 0

rFire   . . .      SeeInvis +     - Unarmed
rCold   . . .      Faith    .   (shield unavailable)
rNeg    . . .      Spirit   .   (body armour unavailable)
rPois   .          Reflect  .   (helmet unavailable)
rElec   .          Harm     .   (cloak unavailable)
rCorr   .          Rampage  .   (gloves unavailable)
Will    .....                   (boots unavailable)
Stlth   +.........              (no amulet)
HPRegen 0.05/turn               (no ring)
MPRegen 0.10/turn               (no ring)

@: corroded, quick
A: very small, claws 1, fangs 3, see invisible, speed 1, shaggy fur 1, stealthy
paws, no weapons or thrown items, no armour, multi-lived
a: no special abilities


You were on level 3 of the Dungeon.
You visited 1 branch of the dungeon, and saw 3 of its levels.

You collected 92 gold pieces.

Inventory:

Scrolls
 a - 2 scrolls of immolation {unknown}
 b - 3 scrolls of blinking
 d - a scroll of identify {unknown}
 e - a scroll of fear {unknown}
Potions
 f - 2 potions of curing
Miscellaneous
 c - a piece from Xom's chessboard (10/15)


   Skills:
 - Level 2.1 Fighting
 - Level 3.0 Dodging
 - Level 3.1 Unarmed Combat
 + Level 1.5 Spellcasting
 - Level 2.0 Fire Magic
 - Level 2.3 Evocations


You had 4 spell levels left.
You knew the following spells:

 Your Spells              Type           Power      Damage    Failure   Level
a - Foxfire               Conj/Fire      12%        2x1d4     17%         1

Your spell library contained the following spells:

 Spells                   Type           Power      Damage    Failure   Level
 Conjure Flame            Conj/Fire      3%         6-21      45%         3


Dungeon Overview and Level Annotations

Branches:
Dungeon (3/15)

Altars:


Innate Abilities, Weirdness & Mutations

You have sharp claws.
You have razor-sharp teeth.
You have supernaturally acute eyesight. (SInv)
You cover ground quickly. (Speed+)
You are covered in fur. (AC +1)
Your paws help you pounce on unaware monsters.
You are incapable of wielding weapons or throwing items.
You cannot wear armour.
You gain extra lives every three experience levels.


Message History

Confirm with . or Enter, or press ? or * to list all spells.
You conjure some foxfire!
The foxfire hits the frilled lizard.
The frilled lizard is heavily wounded.
The frilled lizard hisses angrily.
You hear a bark!
A frilled lizard is nearby!
Casting: Foxfire (safe; 17% risk of failure)
Confirm with . or Enter, or press ? or * to list all spells.
You miscast Foxfire.
You are very lightly contaminated with residual magic.
Nothing appears to happen.
A frilled lizard is nearby!
Casting: Foxfire (safe; 17% risk of failure)
Confirm with . or Enter, or press ? or * to list all spells.
You conjure some foxfire!
A rat comes into view.
The frilled lizard unfolds its giant frill.
The frilled lizard misses you.
The foxfire hits the frilled lizard.
You kill the frilled lizard!
A rat is nearby!
The jelly quivers.
The rat bites you.
Your foxfire dissipates!
You see here a frilled lizard corpse.
You scratch the rat but do no damage. The rat closely misses you.
You scratch the rat.
You kill the rat!
Training target 2.0 for Fire Magic reached!
Your Fire Magic skill increases to level 2!
You need to enable at least one skill for training.
You make a move on Xom's chessboard...
The jelly appears confused.
The jelly jiggles.
You completely miss the jelly.
The jelly hits itself.
Your magical contamination has completely faded away.
You claw the jelly! The acid corrodes you!
Your paws burn!
The jelly is severely wounded.
The jelly hits you. The acid corrodes you!
You are splashed with acid!
Ouch! That really hurt!
You die...

....<....#
##.......# .#
#......## #.##
#####.## #... #.#
#..# ###.# #..#
####...# ##...#.#
.......####
##.....#
#####.....## #J@#
##.#...## #.##
#......###.# .
#.......##.###....
#.....>........#
#.......#...##....
#......###### ##
#..#...##
...+##.##


You could see a jelly (confused).

Vanquished Creatures
  2 adders
  A worm (D:2)
  An endoplasm (D:1)
  A giant cockroach (D:2)
  5 hobgoblins
  A quokka (D:1)
  2 ball pythons
  2 frilled lizards
  A goblin (D:1)
  4 kobolds
  7 rats
27 creatures vanquished.

Vanquished Creatures (others)
  79 foxfires
79 creatures vanquished.

Grand Total: 106 creatures vanquished

Notes
Turn   | Place    | Note
-------+----------+-------------------------------------------
     0 | D:1      | enile the Felid Wanderer began the quest for the Orb.
     0 | D:1      | enile set off with the following items: a potion of haste,
                  | a scroll of blinking, a piece from Xom's chessboard
                  | (15/15), a potion of curing; and the following spell
                  | memorised: Foxfire; and the following spells available to
                  | memorise: Conjure Flame
     0 | D:1      | Reached XP level 1. HP: 9/9 MP: 3/3
   539 | D:1      | Reached XP level 2. HP: 13/13 MP: 2/4
   796 | D:1      | Reached skill level 1 in Dodging
  1624 | D:2      | Reached XP level 3. HP: 6/16 MP: 1/5
  2430 | D:3      | Splashed by a jelly's acid

Illustrated notes

Levels and vault maps discovered:
D:1:      minmay_arrival_arboretum_large, layout_basic
D:2:      layout_basic, basic_altar
D:3:      layout_loops_corners, nicolae_sif_muna_condensation,
          chei_slow_surprise, shapermc_ecumenical_altar_gd, minmay_bisected

Skill      XL: |  1  2  3 |
---------------+----------+-----
Dodging        | 2 3 |  3.0
Fire Magic     | 2 |  2.0
Fighting       | |  2.1
Unarmed Combat | |  3.1
Spellcasting   | |  1.5
Evocations     | |  2.3

Action                   || total
-------------------------++-------
Melee: Unarmed           ||    36
       Bite              ||     4
 Cast: Foxfire           ||    52
Evoke: Piece from Xom's  ||     8
  Use: Potion            ||     2
 Stab: Paralysed         ||     2
Armor: Skin              ||     3
Dodge: Dodged            ||    25

Table legend: (Time is in decaauts)
 A = Elapsed time spent in this place.
 B = Non-inter-level travel time spent in this place.
 C = Inter-level travel time spent in this place.
 D = Time resting spent in this place.
 E = Time spent auto-exploring this place.
 F = Levels seen in this place.
 G = Mean time per level.
                   A        B        C        D        E       F      G
               +--------+--------+--------+--------+--------+-----+--------+
         Total |   2183 |   2083 |    100 |    238 |   1579 |   3 |  727.7 |
       Dungeon |   2183 |   2083 |    100 |    238 |   1579 |   3 |  727.7 |
               +--------+--------+--------+--------+--------+-----+--------+

Top non-repeatable levels by time:
     D:1: 1018 daAuts
     D:2: 757 daAuts
     D:3: 408 daAuts
